 Dungeon Crawl Stone Soup version 0.29.1-2-gbd0b4ee654 (webtiles) character file.

Game seed: 381556972758685358

3 tevo3000 the Sneak (level 1, 0/14 HPs)
             Began as a Gargoyle Delver on Nov 26, 2022.
             Was an Initiate of Yredelemnul.
             Slain by an adder (1 damage)
             ... on level 4 of the Dungeon.
             The game lasted 00:06:11 (746 turns).

tevo3000 the Sneak (Gargoyle Delver)                 Turns: 746, Time: 00:06:11

Health: 0/14       AC:  5    Str: 15    XL:     1   Next: 50%
Magic:  1/1        EV: 11    Int: 10    God:    Yredelemnul [......]
Gold:   30         SH:  0    Dex: 11    Spells: 0/0 levels left

rFire   + . .      SeeInvis .   a - +0 mace
rCold   + . .      Faith    .   (no shield)
rNeg    + . .      Spirit   .   b - +0 leather armour
rPois   ∞          Reflect  .   (no helmet)
rElec   +          Harm     .   i - scarf {rC+ rF+}
rCorr   .          Rampage  .   (no gloves)
Will    .....                   (no boots)
Stlth   +++.......              (no amulet)
HPRegen 0.04/turn               (no ring)
MPRegen 0.07/turn               (no ring)

@: no status effects
A: sickness immunity, AC +2, negative energy resistance 1, electricity
resistance, torment resistance 1, petrification resistance
a: Renounce Religion, Recall Undead Harvest


You were on level 4 of the Dungeon.
You worshipped Yredelemnul.
Yredelemnul was noncommittal.
You visited 2 branches of the dungeon, and saw 3 of its levels.

You collected 30 gold pieces.

Inventory:

Hand Weapons
 a - a +0 mace (weapon)
Armour
 b - a +0 leather armour (worn)
 i - a scarf of resistance (worn)
Wands
 g - a wand of digging (3)
Scrolls
 c - a scroll of fog
 d - a scroll of amnesia {unknown}
 e - a scroll of fear
 h - a scroll of identify {unknown}
 j - a scroll of enchant weapon {unknown}


   Skills:
 * Level 3.4 Fighting
 + Level 2.0 Maces & Flails
 + Level 0.3 Armour
 - Level 1.5 Dodging
 - Level 5.4 Stealth


You couldn't memorise any spells.
You didn't know any spells.
Your spell library was empty.

Dungeon Overview and Level Annotations

Branches:
Dungeon (5/15)             Temple (1/1) D:5

Altars:
Ashenzari
Dithmenos
Hepliaklqana
Nemelex Xobeh
Ru
Yredelemnul
The Shining One


Innate Abilities, Weirdness & Mutations

You are immune to sickness and miasma.
Your stone body is resilient. (AC +2)
You are immune to poison.
You resist negative energy. (rN+)
You are resistant to electric shocks. (rElec)
You are resistant to unholy torment.
You are immune to petrification.


Message History

There is an open door here.
You closely miss the adder.
Your orc zombie hits the adder but does no damage.
The adder bites you but does no damage.
Your orc zombie closely misses the adder.
You closely miss the adder. Your punch misses the adder.
The adder bites you but does no damage. The adder closely misses you.
Your orc zombie hits the adder but does no damage.
You closely miss the adder. The adder misses you. x2
Your orc zombie hits the adder.
You hit the adder.
The adder is moderately wounded.
The adder barely misses you.
Your orc zombie hits the adder.
You miss the adder.
The adder is moderately wounded.
The adder bites you.
* * * LOW HITPOINT WARNING * * *
The adder misses you.
Your orc zombie misses the adder.
You don't have enough magic capacity.
You barely miss the adder.
The adder is moderately wounded.
The adder misses you. x2
Your orc zombie barely misses the adder.
You closely miss the adder.
The adder is moderately wounded.
The adder bites you but does no damage.
Your orc zombie misses the adder.
The adder bites you but does no damage.
You closely miss the adder.
The adder is moderately wounded.
The adder closely misses you.
Your orc zombie hits the adder but does no damage.
You hit the adder.
The adder is heavily wounded.
The adder closely misses you. x2
Your orc zombie closely misses the adder.
You miss the adder.
The adder is heavily wounded.
The adder bites you.
You die...
Your body rises from the dead as a mindless zombie.

..#..............#
....#
#..............#...
.###'#####'######...
#.................#
#.................#
#.................#
#.................#
#.................#
#..............@..###
#######.....###S###.##
#.....#..Z.....#
#.....#........+
#.....#........#
#.....##########
#######


You could see an adder (ally target) and a friendly orc zombie.

Vanquished Creatures
  An orc (D:4)
  A hobgoblin (D:4)
  A butterfly (D:5)
3 creatures vanquished.

Notes
Turn   | Place    | Note
-------+----------+-------------------------------------------
     0 | D:5      | tevo3000 the Gargoyle Delver began the quest for the Orb.
     0 | D:5      | Reached XP level 1. HP: 14/14 MP: 1/1
     5 | D:5      | Found a staircase to the Ecumenical Temple.
    14 | Temple   | Entered the Ecumenical Temple
   252 | Temple   | Became a worshipper of Yredelemnul the Dark
   746 | D:4      | Slain by an adder

Illustrated notes

Levels and vault maps discovered:
D:4:      layout_gridville, xom_teletrap_fun, minmay_checkerbox
D:5:      layout_loops_ring, okawaru_metal_pillars_1_2,
          mainiacjoe_overflow_concentric_impassable,
          mainiacjoe_overflow_six_doors_small, minmay_temple_entry_butterflies,
          serial_shops, nicolae_shop_behind_doors, uniq_edmund, uniq_ijyb
Temple:   nicolae_temple_superstar

Action                   || total
-------------------------++-------
Melee: Mace              ||    28
  Use: Scroll            ||     1
       Potion            ||     1
 Stab: Sleeping          ||     1
Armor: Leather armour    ||    10
Dodge: Dodged            ||    30
